 Dungeon Crawl Stone Soup version 0.30-a0-341-g682706514a (webtiles) character file.

Game seed: 11570470345786153838

399 Muataran the Chopper (level 6, 0/56 HPs)
             Began as a Hill Orc Fighter on Nov 4, 2022.
             Was an Initiate of Beogh.
             Killed by nerve-wracking pain
             ... invoked by an orc priest
              (12 damage)
             ... on level 3 of the Dungeon.
             The game lasted 00:05:07 (1888 turns).

Muataran the Chopper (Hill Orc Fighter)             Turns: 1888, Time: 00:05:08

Health: 0/56       AC:  8    Str: 19    XL:     6   Next: 84%
Magic:  6/6        EV:  9    Int: 10    God:    Beogh [......]
Gold:   87         SH:  4    Dex: 10    Spells: 5/5 levels left

rFire   . . .      SeeInvis .    a - +0 war axe
rCold   . . .      Faith    .    c - +0 buckler
rNeg    . . .      Spirit   .    b - +0 scale mail
rPois   .          Reflect  .    (no helmet)
rElec   .          Harm     .    (no cloak)
rCorr   .          Rampage  .    (no gloves)
Will    .....                    m - +0 pair of boots
Stlth   ..........               (no amulet)
HPRegen 0.29/turn                (no ring)
MPRegen 0.10/turn                (no ring)

@: mighty, on berserk cooldown, slowed, very slow
A: no striking features
a: Renounce Religion


You were on level 3 of the Dungeon.
You worshipped Beogh.
Beogh was noncommittal.
You visited 1 branch of the dungeon, and saw 3 of its levels.
You also visited: Sewer.

You collected 87 gold pieces.

Inventory:

Hand Weapons
 a - a +0 war axe (weapon)
Armour
 b - a +0 scale mail (worn)
 c - a +0 buckler (worn)
 m - a +0 pair of boots (worn)
Jewellery
 e - a ring of magical power
Scrolls
 h - a scroll of teleportation
 i - a scroll of immolation {unknown}
Potions
 g - a potion of cancellation {unknown}
 j - 2 potions of flight
 k - a potion of curing


   Skills:
 + Level 5.2 Fighting
 * Level 6.6 Axes
 + Level 4.8 Armour
 - Level 4.0 Shields


You had 5 spell levels left.
You didn't know any spells.
Your spell library was empty.

Dungeon Overview and Level Annotations

Branches:
Dungeon (3/15)              Sewer (visited)

Altars:

Shops:
D:1 *


Message History

The orc priest is severely wounded.
You hit the orc priest.
The orc priest is lightly wounded.
You hit the orc priest but do no damage.
The orc priest hits you with a +0 club.
The orc priest invokes the aid of Beogh against you.
Beogh smites you!
* * * LOW HITPOINT WARNING * * *
You block the orc priest's attack.
The orc priest looks satisfied for a moment.
You feel much better.
The orc priest calls upon Beogh to heal the orc priest.
The orc priest's wounds heal themselves!
The orc priest closely misses you.
The orc priest mumbles some strange prayers to Beogh against you.
Beogh smites you! The orc priest closely misses you.
You closely miss the orc priest.
The orc priest is severely wounded.
You barely miss the orc priest.
The orc priest hits you but does no damage. x2
You barely miss the orc priest.
The orc priest is severely wounded.
You hit the orc priest.
The orc priest hits you but does no damage.
You block the orc priest's attack. x2; The orc priest hits you with a +0 club.
You closely miss the orc priest.
The orc priest is severely wounded.
You hit the orc priest. The orc priest hits you with a +0 club.
The orc priest calls upon Beogh to heal the orc priest.
The orc priest is healed somewhat.
The orc priest invokes the aid of Beogh against you.
Beogh smites you!
* * * LOW HITPOINT WARNING * * *
The orc priest looks encouraged for a moment.
You aren't carrying any items that you can evoke.
You feel very mighty all of a sudden.
The orc priest mumbles some strange prayers to Beogh against you.
Pain shoots through your body!
You die...
Beogh appreciates the orc priest's killing of a heretic priest.

##.### #~##.~ #...##
##.### ###..####....#
##.........# ####..###.#
###############...##.#
###.....)†....[.........
.......o.####.######....
...?..o@.# #..# ##...
.>.......###.## ##..
.........)...# ###
.........###### #
..............#
.........####.[.#
.........# ...
.>.......# # ........#


You could see 2 orc priests.

Vanquished Creatures
  Sigmund (D:3)
  2 kobold brigands (Sewer)
  3 adders (D:3)
  A river rat (Sewer)
  2 worms (D:3)
  A dart slug (D:1)
  3 orcs (D:3)
  7 endoplasms
  3 giant cockroaches (D:3)
  2 goblins
  2 hobgoblins (D:3)
  10 jackals
  A kobold (D:1)
  5 ball pythons
  6 bats
  2 frilled lizards (D:1)
  8 rats
59 creatures vanquished.

Vanquished Creatures (others)
  An orc priest (D:3)
  A rat (D:3)
2 creatures vanquished.

Grand Total: 61 creatures vanquished

Notes
Turn   | Place    | Note
-------+----------+-------------------------------------------
     0 | D:1      | Muataran the Hill Orc Fighter began the quest for the Orb.
     0 | D:1      | Reached XP level 1. HP: 19/19 MP: 1/1
   215 | D:1      | Reached skill level 3 in Axes
   219 | D:1      | Reached XP level 2. HP: 22/27 MP: 2/2
   316 | D:1      | Found Kotunn's Assorted Antiques.
   528 | D:1      | Reached XP level 3. HP: 31/33 MP: 3/3
   960 | D:3      | Reached skill level 4 in Axes
   974 | D:3      | Reached XP level 4. HP: 30/40 MP: 4/4
   978 | D:3      | Became a worshipper of Beogh the Brigand
  1186 | D:3      | Found a glowing drain.
  1190 | Sewer    | Entered a sewer
  1348 | Sewer    | Noticed a kobold brigand
  1349 | Sewer    | Noticed a kobold brigand
  1360 | Sewer    | Killed a kobold brigand
  1361 | Sewer    | Reached skill level 5 in Axes
  1361 | Sewer    | Reached XP level 5. HP: 28/47 MP: 5/5
  1373 | Sewer    | Killed a kobold brigand
  1374 | Sewer    | Reached XP level 6. HP: 26/55 MP: 6/6
  1524 | Sewer    | Found a white marble altar of Elyvilon.
  1869 | D:3      | Noticed Sigmund
  1879 | D:3      | Killed Sigmund
  1880 | D:3      | Reached skill level 5 in Fighting
  1880 | D:3      | Reached skill level 6 in Axes
  1888 | D:3      | Killed from afar by an orc priest

Illustrated notes

Levels and vault maps discovered:
D:1:      roderic_lyre, layout_rooms, serial_shops, shop
D:2:      layout_basic, kennysheep_another_room
D:3:      layout_rooms, hellmonk_ecumenical_altar_blasted,
          gup_sewer_entry_spiral, chequers_serial_rivers_large_a, uniq_sigmund

Skill      XL: |  1  2  3  4  5  6 |
---------------+-------------------+-----
Axes           | 3 4 5 6 |  6.6
Fighting       | 4 5 |  5.2
Armour         | 4 |  4.8
Shields        | 4 |  4.0

Action                   |  1- 3 |  4- 6 || total
-------------------------+-------+-------++-------
Melee: War axe           |    90 |    90 ||   180
Invok: Convert to Beogh  |       |     1 ||     1
  Use: Scroll            |     2 |       ||     2
       Potion            |       |     3 ||     3
Armor: Scale mail        |    49 |    36 ||    85
Dodge: Dodged            |    50 |    32 ||    82
Block: Buckler           |    21 |    16 ||    37

Table legend: (Time is in decaauts)
 A = Elapsed time spent in this place.
 B = Non-inter-level travel time spent in this place.
 C = Inter-level travel time spent in this place.
 D = Time resting spent in this place.
 E = Time spent auto-exploring this place.
 F = Levels seen in this place.
 G = Mean time per level.
                   A        B        C        D        E       F      G
               +--------+--------+--------+--------+--------+-----+--------+
         Total |   2047 |   1916 |    131 |    186 |   1122 |   4 |  511.8 |
       Dungeon |   1556 |   1425 |    131 |      0 |    969 |   3 |  518.7 |
         Sewer |    490 |    490 |      0 |    186 |    153 |   1 |  490.0 |
               +--------+--------+--------+--------+--------+-----+--------+

Top non-repeatable levels by time:
     D:1: 788 daAuts
     D:3: 745 daAuts
   Sewer: 490 daAuts
     D:2: 22 daAuts
